 Dungeon Crawl Stone Soup version 0.29.1-15-g9cfb28693d (webtiles) character file.

Game seed: 6538673929080440813

12 H0rd4k the Charlatan (level 2, -1/17 (19) HPs)
             Began as an Octopode Artificer on Mar 15, 2023.
             Slain by a kobold
             ... wielding a +0 club
              (4 damage)
             ... on level 1 of the Dungeon.
             The game lasted 00:00:25 (661 turns).

H0rd4k the Charlatan (Octopode Artificer)            Turns: 661, Time: 00:00:26

HP:   -1/17 (19)    AC:  1    Str: 11    XL:     2   Next: 33%
MP:   3/3           EV: 13    Int: 13    God:
Gold: 7             SH:  0    Dex: 12    Spells: 2/2 levels left

rFire   . . .      SeeInvis .   (no weapon)
rCold   . . .      Faith    .   (no shield)
rNeg    . . .      Spirit   .   (helmet restricted)
rPois   .          Reflect  .   (no amulet)
rElec   .          Harm     .   (no ring)
rCorr   .          Rampage  .   (no ring)
Will    .....                   (no ring)
Stlth   +++.......              (no ring)
HPRegen 0.05/turn               (no ring)
MPRegen 0.08/turn               (no ring)
                                (no ring)
                                (no ring)

@: heavily drained
A: almost no armour, amphibious, 8 rings, camouflage 1, gelatinous body 1,
(nimble swimmer 1), tentacles
a: no special abilities


You were on level 1 of the Dungeon.
You visited 1 branch of the dungeon, and saw 1 of its levels.

You collected 7 gold pieces.

Inventory:

Wands
 b - a wand of flame (15) (quivered)
 c - a wand of charming (15)
 d - a wand of iceblast (5)
Scrolls
 a - a scroll of silence {unknown}


   Skills:
 * Level 1.8 Fighting
 - Level 2.3 Dodging
 - Level 1.3 Stealth
 + Level 0.2 Unarmed Combat
 * Level 0.8 Spellcasting
 - Level 3.2 Evocations


You had 2 spell levels left.
You didn't know any spells.
Your spell library was empty.

Dungeon Overview and Level Annotations

Branches:
Dungeon (1/15)

Altars:


Innate Abilities, Weirdness & Mutations

You cannot wear most types of armour.
You are amphibious.
You can wear up to eight rings at the same time.
Your skin changes colour to match your surroundings (Stealth+).
Your rubbery body absorbs attacks. (AC +1, EV +1)
((You are camouflaged when in or above water. (Stealth+)))
You have tentacles for arms and can constrict up to eight enemies at once.


Message History

You hear an angry hiss.
You tentacle-slap the goblin. You grab the goblin.
The goblin is moderately wounded.
You constrict the goblin.
A ball python comes into view.
The goblin hits you with a +0 dagger.
You barely miss the goblin.
The goblin is heavily wounded.
You constrict the goblin. The goblin hits you with a +0 dagger.
You tentacle-slap the goblin but do no damage.
The goblin is almost dead.
You constrict the goblin.
You kill the goblin!
Unknown command.
The kobold throws a stone.
The stone hits you.
You see here a scroll labelled DEENIWO QUOCS.
You closely miss the rat. Your grab misses the rat. The rat bites you.
You tentacle-slap the rat. Your grab misses the rat.
The rat is moderately wounded.
The rat barely misses you.
You tentacle-slap the rat but do no damage.
You grab the rat. You squeeze the rat.
You kill the rat!
You closely miss the ball python. Your grab misses the ball python.
The ball python bites you. The ball python grabs you.
The ball python constricts you. The ball python misses you.
The ball python constricts you.
You tentacle-slap the ball python. Your grab misses the ball python.
Your tentacle-slap misses the ball python.
The ball python is severely wounded.
The ball python barely misses you. The ball python constricts you.
You tentacle-slap the ball python but do no damage.
You grab the ball python. You squeeze the ball python.
You kill the ball python!
The kobold throws a stone.
The stone barely misses you. The kobold hits you with a +0 club.
* * * LOW HITPOINT WARNING * * *
You closely miss the kobold. Your grab misses the kobold.
Your squeeze misses the kobold. The kobold hits you with a +0 club.
You die...

.....8)...#.#...†................
..........#...####.....#.........
..........##..####.#####.........
#.#######..........# #........♣
##.......### #.........
####.........## #........♣
#.............#####.........
#..#.....?..##..............♣
...#........K@....##..........
.....#.......##....#..)......♣
...#....#.#####..#............
....####.# #..###.......... .##
#.#####..###........##
#.##................#.
....................#.
..#................#.
#.#...##...........#.


You could see a kobold.

Vanquished Creatures
  3 endoplasms (D:1)
  2 goblins (D:1)
  A hobgoblin (D:1)
  2 ball pythons (D:1)
  3 rats (D:1)
11 creatures vanquished.

Notes
Turn   | Place    | Note
-------+----------+-------------------------------------------
     0 | D:1      | H0rd4k the Octopode Artificer began the quest for the Orb.
     0 | D:1      | Reached XP level 1. HP: 13/13 MP: 1/1
   111 | D:1      | Reached XP level 2. HP: 3/19 MP: 2/2
   661 | D:1      | Slain by a kobold

Illustrated notes

Levels and vault maps discovered:
D:1:      wander_arrival_estate, layout_rooms, st_stairs_1

Action                   || total
-------------------------++-------
Melee: Unarmed           ||    31
       Tentacles         ||     6
       Constrict         ||     5
       Punch             ||     1
 Stab: Sleeping          ||     1
Armor: Skin              ||     2
Dodge: Dodged            ||    13
